[Event "Titled Tuesday Blitz May 16 Early 2023"]
[White "KorolDimitriy75"]
[Black "Svane, Frederik"]
[BlackFideId "12923044"]
[WhiteElo "2516"]
[BlackElo "2502"]
[Result "1/2-1/2"]
[Round "02"]
[TimeControl "180+2"]
[Date "2023.05.16"]
[WhiteClock "0:00:07"]
[BlackClock "0:00:16"]

1. d4 Nf6 2. c4 e6 3. Nc3 Bb4 4. Qc2 d5 5. cxd5 exd5 6. Bg5 h6 7. Bxf6 Qxf6 8. a3 Bxc3+ 9. Qxc3 O-O 10. e3 Bf5 11. Ne2 c6 12. Ng3 Bg6 13. Be2 Nd7 14. O-O Rfe8 15. b4 a6 16. a4 Rac8 17. Rfc1 Qg5 18. b5 axb5 19. axb5 h5 20. bxc6 Rxc6 21. Qd2 h4 22. Nf1 Rec8 23. Rxc6 Rxc6 24. Rc1 Rb6 25. h3 Nf6 26. f3 Bf5 27. Kh1 Rb3 28. Rc3 Rb1 29. Rc1 Rxc1 30. Qxc1 Bd7 31. Qc7 Bc6 32. Qd6 g6 33. Kg1 Kg7 34. Kf2 Qf5 35. Qe5 Qc2 36. Ke1 b5 37. Nh2 b4 38. Ng4 Qf5 39. Nxf6 Qxf6 40. Qxf6+ Kxf6 41. Bd1 Bb5 42. Be2 Bc4 43. Bxc4 dxc4 44. Kd2 Ke6 45. e4 g5 46. Kc2 Kd6 47. Kb2 Kc6 48. Kc2 Kb5 49. d5 Kc5 50. Kd2 f6 51. Kc2 Kb5 52. Kd2 c3+ 53. Kc2 Kc5 54. Kb3 Kb5 55. Kc2 Kb6 56. Kb3 Kc7 57. Kc2 Kd6 58. Kb3 Kd7 59. Kc2 Ke7 60. Kb3 Kd6 61. Kc2 Kc5 62. Kb3 Kb5 63. Kc2 1/2-1/2


[Site "https://www.chess.com"]

[Event "Titled Tuesday Blitz May 16 Early 2023"]
[White "Grigoriants, Sergey"]
[Black "Kubicka, Anna"]
[WhiteFideId "4130804"]
[BlackFideId "1152254"]
[WhiteElo "2502"]
[BlackElo "2144"]
[Result "1-0"]
[Round "02"]
[TimeControl "180+2"]
[Date "2023.05.16"]
[WhiteClock "0:01:48"]
[BlackClock "0:01:16"]

1. d4 Nf6 2. c4 e6 3. Nc3 Bb4 4. e3 O-O 5. Bd3 d5 6. Nf3 dxc4 7. Bxc4 c5 8. a3 Bxc3+ 9. bxc3 Nc6 10. O-O Na5 11. Bd3 Qc7 12. e4 cxd4 13. cxd4 h6 14. Bb2 Nh5 15. g3 Nc6 16. d5 exd5 17. exd5 Ne7 18. d6 1-0


[Site "https://www.chess.com"]

[Event "Titled Tuesday Blitz May 16 Early 2023"]
[White "Ivic, Velimir"]
[Black "Santarius, Erik"]
[WhiteFideId "950122"]
[BlackFideId "2025817"]
[WhiteElo "2563"]
[BlackElo "2300"]
[Result "1-0"]
[Round "02"]
[TimeControl "180+2"]
[Date "2023.05.16"]
[WhiteClock "0:00:14"]
[BlackClock "0:00:16"]

1. d4 d5 2. c4 e6 3. Nc3 Nf6 4. cxd5 Nxd5 5. e4 Nxc3 6. bxc3 c5 7. Nf3 cxd4 8. cxd4 Bb4+ 9. Bd2 Bxd2+ 10. Qxd2 O-O 11. Bc4 Nd7 12. O-O b6 13. d5 Nc5 14. Rfe1 exd5 15. exd5 Qf6 16. Ne5 Bf5 17. Rad1 Rad8 18. Nc6 Rd7 19. Qf4 Bc2 20. Qxf6 gxf6 21. Rd2 Bg6 22. d6 Ne4 23. Rd4 Kg7 24. Rexe4 Bxe4 25. Rxe4 Rxd6 26. Nd4 Kh8 27. g4 Rd7 28. Nf5 Rc7 29. Kg2 Rd8 30. h4 Kg8 31. h5 Kf8 32. h6 Re8 33. Rd4 Rec8 34. Bb3 Rb8 35. Rd6 b5 36. Rxf6 Rb6 37. Rxb6 axb6 38. Kg3 Rc5 39. Nd6 f6 40. Ne4 Rc1 41. Nxf6 1-0


[Site "https://www.chess.com"]

[Event "Titled Tuesday Blitz May 16 Early 2023"]
[White "Visakh N R"]
[Black "Liu, Casper"]
[WhiteFideId "25012223"]
[BlackFideId "1454153"]
[WhiteElo "2466"]
[BlackElo "2221"]
[Result "1-0"]
[Round "02"]
[TimeControl "180+2"]
[Date "2023.05.16"]
[WhiteClock "0:01:36"]
[BlackClock "0:00:42"]

1. e4 c5 2. Nf3 d6 3. d4 Nf6 4. dxc5 Nxe4 5. cxd6 Nxd6 6. Nc3 Nc6 7. h3 g6 8. Bf4 Bg7 9. Qd2 O-O 10. O-O-O Qa5 11. Kb1 Be6 12. Nd5 Qa4 13. b3 Qa3 14. Qc1 Qxc1+ 15. Kxc1 Bxd5 16. Rxd5 Nb4 17. Ra5 Bc3 18. Bd2 Rfc8 19. Ne1 Ne4 20. Bxc3 Rxc3 21. Rb5 Nxc2 22. Nxc2 Rac8 23. Bc4 a6 24. Rxb7 Nd6 25. Rxe7 Nxc4 26. bxc4 R8xc4 27. Re2 1-0


[Site "https://www.chess.com"]

[Event "Titled Tuesday Blitz May 16 Early 2023"]
[White "Toncheva, Nadya"]
[Black "Molina, Roberto Junio Brito"]
[WhiteFideId "2924056"]
[BlackFideId "2109450"]
[WhiteElo "2101"]
[BlackElo "2376"]
[Result "1-0"]
[Round "02"]
[TimeControl "180+2"]
[Date "2023.05.16"]
[WhiteClock "0:01:17"]
[BlackClock "0:00:00"]

1. e4 c6 2. d4 d5 3. Nc3 dxe4 4. Nxe4 Nd7 5. Nf3 Ngf6 6. Bd3 Nxe4 7. Bxe4 Nf6 8. Bd3 Bg4 9. c3 e6 10. h3 Bxf3 11. Qxf3 Qd5 12. Qxd5 cxd5 13. Bf4 a6 14. Ke2 Kd7 15. b3 Bd6 16. Be5 Bxe5 17. dxe5 Ne8 18. f4 g6 19. c4 Nc7 20. Rhd1 Ke7 21. Kf3 Rhd8 22. Rac1 Rac8 23. cxd5 Nxd5 24. Be4 Rxc1 25. Rxc1 Rd7 26. Rc5 Nb4 27. a3 Nd5 28. Bxd5 exd5 29. Ke3 Ke6 30. Kd4 Kf5 31. g3 h5 32. Rxd5 Rc7 33. Rd6 Rc6 34. Rxc6 bxc6 35. Ke3 g5 36. Kf3 gxf4 37. gxf4 a5 38. a4 c5 39. Ke3 f6 40. exf6 Kxf6 41. Ke4 Ke6 42. f5+ Kd6 43. Kf4 Kd5 44. f6 1-0


[Site "https://www.chess.com"]

[Event "Titled Tuesday Blitz May 16 Early 2023"]
[White "Titichoca Daza, Daniel"]
[Black "Aydincelebi, Kagan"]
[WhiteFideId "3309550"]
[BlackFideId "6361102"]
[WhiteElo "2101"]
[BlackElo "2180"]
[Result "0-1"]
[Round "02"]
[TimeControl "180+2"]
[Date "2023.05.16"]
[WhiteClock "0:00:00"]
[BlackClock "0:00:26"]

1. c4 e5 2. g3 Nf6 3. Bg2 d5 4. cxd5 Nxd5 5. Nc3 Nb6 6. Nf3 Nc6 7. O-O Be7 8. a3 O-O 9. b4 Re8 10. Bb2 Bf8 11. Rc1 Bg4 12. h3 Bh5 13. d3 a5 14. b5 Nd4 15. Nd2 Rb8 16. Re1 Qd7 17. g4 Bg6 18. e3 Nxb5 19. Nde4 Nxc3 20. Bxc3 Bxa3 21. Ra1 Bb4 22. Bxb4 axb4 23. Qb3 Bxe4 24. Bxe4 c5 25. Ra5 Rec8 26. Bf5 Qc6 27. Bxc8 Rxc8 28. Rc1 Nd7 29. d4 b6 30. Ra7 Rc7 31. Rxc7 Qxc7 32. dxc5 bxc5 33. Qxb4 Qd6 34. Qb7 Nf8 35. Qe4 g6 36. Ra1 Ne6 37. Ra8+ Kg7 38. h4 h6 39. Rc8 Kf6 40. Qf3+ Kg7 41. Qa8 Qd1+ 42. Kh2 Qxg4 43. Rg8+ Kf6 44. Qg2 Qxh4+ 45. Kg1 e4 46. Rc8 Ke5 47. Kf1 Qh5 48. Qg3+ Kf6 49. Qd6 Qh1+ 50. Ke2 Qf3+ 51. Ke1 Qf5 52. Re8 Kg5 53. Rxe6 fxe6 54. Qe7+ Kg4 0-1


[Site "https://www.chess.com"]

[Event "Titled Tuesday Blitz May 16 Early 2023"]
[White "Panesar Vedant"]
[Black "Jovic, Stanoje"]
[WhiteFideId "35033018"]
[BlackFideId "905020"]
[WhiteElo "2347"]
[BlackElo "2236"]
[Result "0-1"]
[Round "02"]
[TimeControl "180+2"]
[Date "2023.05.16"]
[WhiteClock "0:00:05"]
[BlackClock "0:00:08"]

1. e4 c6 2. d4 d5 3. e5 c5 4. dxc5 e6 5. a3 Bxc5 6. Qg4 Ne7 7. Nf3 O-O 8. Bd3 Ng6 9. O-O f5 10. Qh5 Be7 11. Nc3 Nc6 12. Re1 Bd7 13. Bg5 Be8 14. Bxe7 Qxe7 15. Qg5 Qc7 16. Nb5 Qb8 17. Qe3 a6 18. Nd6 Ngxe5 19. Nxe5 Qxd6 20. Nxc6 bxc6 21. Qxe6+ Qxe6 22. Rxe6 a5 23. f4 a4 24. Kf2 Rb8 25. Rae1 Bd7 26. Re7 Rf7 27. Rxf7 Kxf7 28. Rb1 Ke7 29. Ke3 Kd6 30. b4 axb3 31. cxb3 c5 32. g3 g6 33. Kd2 Ra8 34. a4 c4 35. bxc4 Rxa4 36. cxd5 Ra2+ 37. Ke3 Kxd5 38. Rb7 Kc6 39. Rb8 Rxh2 40. Kd4 Kc7 41. Rh8 Kd6 42. Bc4 Ke7 43. Bg8 h5 44. Bd5 Be8 45. Rh7+ Kf6 46. Be4 fxe4 47. Kxe4 Bc6+ 48. Ke3 Rg2 49. Rc7 Rxg3+ 50. Kd4 Bf3 51. Rc3 Rh3 52. Ra3 Bg4 53. Ra5 Be6 54. Ke4 h4 55. Ra6 Rb3 56. f5 gxf5+ 57. Kf4 h3 58. Ra3 Rb4+ 59. Kg3 f4+ 60. Kh2 Kg5 61. Ra5+ Kg4 62. Ra2 Bxa2 0-1


[Site "https://www.chess.com"]

[Event "Titled Tuesday Blitz May 16 Early 2023"]
[White "Karthik Rajaa"]
[Black "Mika, Tomasz"]
[WhiteFideId "25035215"]
[BlackFideId "1132970"]
[WhiteElo "2215"]
[BlackElo "2179"]
[Result "1-0"]
[Round "02"]
[TimeControl "180+2"]
[Date "2023.05.16"]
[WhiteClock "0:01:14"]
[BlackClock "0:00:19"]

1. Nf3 d5 2. c4 e6 3. e3 Nf6 4. Nc3 Be7 5. b3 O-O 6. Bb2 c5 7. cxd5 Nxd5 8. Nxd5 Qxd5 9. Bc4 Qd8 10. O-O b6 11. d4 Bf6 12. Qe2 cxd4 13. Nxd4 Bb7 14. Rfd1 Qe7 15. a4 Rd8 16. Ba3 Qc7 17. Rac1 Nc6 18. Nb5 Qe5 19. Nd6 Rab8 20. f4 Qa5 21. Bb5 Be7 22. Nxb7 Rxb7 23. Bxc6 Rc7 24. Bxe7 1-0


[Site "https://www.chess.com"]

[Event "Titled Tuesday Blitz May 16 Early 2023"]
[White "Nastase, Robert-Paul"]
[Black "Papasimakopoulos, Alexandros"]
[WhiteFideId "1221175"]
[BlackFideId "4244125"]
[WhiteElo "2175"]
[BlackElo "2359"]
[Result "0-1"]
[Round "02"]
[TimeControl "180+2"]
[Date "2023.05.16"]
[WhiteClock "0:00:00"]
[BlackClock "0:00:07"]

1. e4 e6 2. d4 d5 3. Nd2 Nf6 4. e5 Nfd7 5. Bd3 c5 6. c3 b5 7. Bxb5 Qb6 8. Qa4 cxd4 9. cxd4 a6 10. Bd3 a5 11. Ne2 Ba6 12. Bxa6 Qxa6 13. Qd1 Nc6 14. O-O Be7 15. f4 g6 16. Nf3 a4 17. Be3 Rb8 18. b3 O-O 19. bxa4 Nb6 20. Nc3 Bb4 21. Rc1 Nc4 22. Bf2 Ba3 23. Rb1 Qa5 24. Nb5 Ra8 25. Be1 Qxa4 26. Qxa4 Rxa4 27. Bc3 Rfa8 28. g4 Bb4 29. f5 Bxc3 30. Nxc3 Ra3 31. Rb3 Ne3 32. Re1 Nxg4 33. fxe6 fxe6 34. Ng5 Rxb3 35. axb3 Nxd4 36. Rd1 Nxb3 37. Nxe6 Ne3 38. Rd3 Ra1+ 39. Kf2 Ng4+ 40. Kg3 Nxe5 41. Rxd5 Nc4 42. Ne4 Ra7 43. Rd8+ Kf7 44. N4g5+ Ke7 45. Rh8 Kf6 46. Rf8+ Ke5 47. Nf4 Nd6 48. Rd8 Nd4 49. Kg4 h5+ 50. Kg3 N6f5+ 51. Kh3 Ra3+ 52. Kg2 Kxf4 0-1


[Site "https://www.chess.com"]

[Event "Titled Tuesday Blitz May 16 Early 2023"]
[White "Rangel, Daniel"]
[Black "Postny, Evgeny"]
[WhiteFideId "2124475"]
[BlackFideId "2804344"]
[WhiteElo "2256"]
[BlackElo "2504"]
[Result "0-1"]
[Round "02"]
[TimeControl "180+2"]
[Date "2023.05.16"]
[WhiteClock "0:00:00"]
[BlackClock "0:00:28"]

1. c4 c5 2. g3 g6 3. Bg2 Bg7 4. Nc3 Nc6 5. e3 Nh6 6. Nge2 Nf5 7. h4 O-O 8. h5 d6 9. Nf4 g5 10. Nfe2 h6 11. f4 e6 12. d3 gxf4 13. gxf4 Nh4 14. Be4 f5 15. Bxc6 bxc6 16. Kd2 d5 17. Kc2 a5 18. b3 a4 19. Bb2 a3 20. Bc1 d4 21. exd4 cxd4 22. Na4 Rxa4 23. bxa4 c5 24. Bd2 Bb7 25. Rb1 Bc6 26. Kc1 Ng2 27. Rh3 Qa8 28. a5 Ne3 29. Qg1 Ng4 30. Rg3 Rb8 31. Rxb8+ Qxb8 32. Kd1 Qb2 33. Nc1 Be8 0-1


[Site "https://www.chess.com"]

[Event "Titled Tuesday Blitz May 16 Early 2023"]
[White "Koellner, Ruben Gideon"]
[Black "Yonal, Timur"]
[WhiteFideId "12993093"]
[BlackFideId "44115725"]
[WhiteElo "2314"]
[BlackElo "1966"]
[Result "1-0"]
[Round "02"]
[TimeControl "180+2"]
[Date "2023.05.16"]
[WhiteClock "0:01:23"]
[BlackClock "0:00:07"]

1. d4 d5 2. Nf3 Nf6 3. e3 e6 4. Nbd2 c5 5. c3 Nc6 6. Bd3 Bd6 7. O-O O-O 8. dxc5 Bxc5 9. b4 Bd6 10. Bb2 a6 11. a3 b5 12. a4 Rb8 13. axb5 axb5 14. Qe2 Qb6 15. Nd4 e5 16. Nxb5 e4 17. Nxd6 exd3 18. Qxd3 Ne5 19. Nxc8 Nxd3 20. Nxb6 Rxb6 21. Ra2 Rc8 22. Ba1 h6 23. h3 Rbb8 24. Rd1 Ne4 25. Nb1 Ra8 26. Rxa8 Rxa8 27. Rxd3 Rxa1 28. Rd1 Nd6 29. Kf1 Nc4 30. Ke2 Ra2+ 31. Kf3 Ra1 32. b5 Rxb1 33. Rxb1 Nd2+ 34. Kf4 Nxb1 35. b6 g5+ 36. Kg3 Nxc3 37. b7 Ne4+ 38. Kh2 Nc5 39. b8=Q+ 1-0


[Site "https://www.chess.com"]

[Event "Titled Tuesday Blitz May 16 Early 2023"]
[White "Mamedov, Edgar"]
[Black "Kohler, Aran"]
[WhiteFideId "13739980"]
[BlackFideId "1002856"]
[WhiteElo "2317"]
[BlackElo "2402"]
[Result "1-0"]
[Round "02"]
[TimeControl "180+2"]
[Date "2023.05.16"]
[WhiteClock "0:02:26"]
[BlackClock "0:00:31"]

1. Nf3 Nf6 2. b3 d6 3. Bb2 e5 4. g3 Nc6 5. Bg2 Be7 6. O-O O-O 7. d4 e4 8. Nfd2 d5 9. c4 e3 10. fxe3 Ng4 11. Rf3 Bg5 12. Nf1 Re8 13. cxd5 Nxe3 14. Nxe3 Bxe3+ 15. Rxe3 Rxe3 16. dxc6 bxc6 17. Nd2 Rb8 18. Nc4 Re8 19. e4 Rb5 20. d5 cxd5 21. exd5 Qg5 22. d6 Bd7 23. dxc7 Qc5+ 24. Qd4 Qxd4+ 25. Bxd4 Rd5 26. Bxd5 1-0


[Site "https://www.chess.com"]

[Event "Titled Tuesday Blitz May 16 Early 2023"]
[White "Andreev, Konstantin"]
[Black "Rian, Kapriaga"]
[WhiteFideId "24239305"]
[BlackFideId "7103263"]
[WhiteElo "2106"]
[BlackElo "2328"]
[Result "1-0"]
[Round "02"]
[TimeControl "180+2"]
[Date "2023.05.16"]
[WhiteClock "0:01:17"]
[BlackClock "0:00:00"]

1. e4 c6 2. d4 d5 3. e5 Bf5 4. Nf3 e6 5. Be2 c5 6. O-O Nc6 7. c3 Qb6 8. a3 Nge7 9. b4 cxd4 10. cxd4 Bg4 11. Bb2 Nf5 12. Nbd2 Be7 13. h3 Bxf3 14. Nxf3 O-O 15. g4 Nh4 16. Nxh4 Bxh4 17. f4 f6 18. Kg2 fxe5 19. dxe5 g5 20. f5 Rad8 21. b5 Ne7 22. Bd4 Qa5 23. Bc5 Qc7 24. Bd6 Rxd6 25. exd6 Qxd6 26. Qd3 e5 27. Rad1 Kg7 28. Bf3 Rd8 29. f6+ Qxf6 30. Be4 Qd6 31. Bxh7 1-0


[Site "https://www.chess.com"]

[Event "Titled Tuesday Blitz May 16 Early 2023"]
[White "Jiganchine, Roman"]
[Black "Pacan-Milej, Kosma"]
[WhiteFideId "2603667"]
[BlackFideId "21800537"]
[WhiteElo "2260"]
[BlackElo "2302"]
[Result "0-1"]
[Round "02"]
[TimeControl "180+2"]
[Date "2023.05.16"]
[WhiteClock "0:00:57"]
[BlackClock "0:01:31"]

1. e4 c6 2. d4 d5 3. exd5 cxd5 4. Nf3 Nc6 5. c4 Nf6 6. Nc3 e6 7. cxd5 exd5 8. Bb5 Bd6 9. O-O O-O 10. h3 Qb6 11. Bxc6 bxc6 12. Re1 Be6 13. Na4 Qb5 14. Be3 Rfe8 15. Rc1 Ne4 16. Qc2 Bb4 17. Rf1 Rac8 18. a3 Bd6 19. Nc3 Nxc3 20. Qxc3 Qb7 21. Ne5 Qe7 22. Qd2 c5 23. Bf4 Qf6 24. Ng4 Qxf4 0-1


[Site "https://www.chess.com"]

[Event "Titled Tuesday Blitz May 16 Early 2023"]
[White "Dahlgren, James Allen"]
[Black "Baghdasaryan, Vahe"]
[WhiteFideId "22256873"]
[BlackFideId "13303139"]
[WhiteElo "2207"]
[BlackElo "2216"]
[Result "0-1"]
[Round "02"]
[TimeControl "180+2"]
[Date "2023.05.16"]
[WhiteClock "0:01:12"]
[BlackClock "0:01:09"]

1. d3 d5 2. g3 e5 3. Bg2 g6 4. Nd2 Bg7 5. f4 exf4 6. gxf4 Qh4+ 7. Kf1 Qxf4+ 8. Ndf3 Qd6 9. c3 Ne7 10. Bg5 O-O 11. Qd2 c5 12. Bh6 Bxh6 13. Qxh6 Nf5 14. Qg5 h6 15. Qd2 d4 16. Nh3 Ne3+ 17. Kf2 Nc6 18. Nhg1 Qf4 19. Rd1 Ne5 20. h3 N5g4+ 21. hxg4 Nxg4+ 22. Kf1 Qg3 23. Nh3 Ne3+ 24. Kg1 Qxg2# 0-1


[Site "https://www.chess.com"]

[Event "Titled Tuesday Blitz May 16 Early 2023"]
[White "Demin, Vladimir"]
[Black "Moussard, Jules"]
[WhiteFideId "4167457"]
[BlackFideId "642908"]
[WhiteElo "2541"]
[BlackElo "2610"]
[Result "0-1"]
[Round "02"]
[TimeControl "180+2"]
[Date "2023.05.16"]
[WhiteClock "0:00:01"]
[BlackClock "0:00:56"]

1. d4 d5 2. Nc3 Nf6 3. Bf4 e6 4. Nb5 Na6 5. e3 Be7 6. Nf3 O-O 7. Be2 c6 8. Nc3 Nb8 9. O-O a6 10. Ne5 c5 11. dxc5 Bxc5 12. a3 Nbd7 13. Bd3 h6 14. h3 Qe7 15. b4 Bd6 16. Nxd7 Bxd7 17. Bxd6 Qxd6 18. e4 Rac8 19. Qe1 Qe5 20. Ne2 dxe4 21. Ng3 Bc6 22. Rd1 Rfd8 23. Kh1 h5 24. f3 e3 25. f4 Qb2 26. Qxe3 h4 27. Ne2 Bb5 28. f5 Bxd3 29. Rxd3 exf5 30. Rxf5 Qxc2 31. Rxd8+ Rxd8 32. Re5 Rd1+ 33. Kh2 Qc7 34. Nf4 Rf1 35. g3 hxg3+ 36. Kg2 Rc1 37. Qxg3 Qxe5 0-1


[Site "https://www.chess.com"]

[Event "Titled Tuesday Blitz May 16 Early 2023"]
[White "Cramling Bellon, Anna"]
[Black "Tang, Andrew"]
[WhiteFideId "32009232"]
[BlackFideId "2059630"]
[WhiteElo "1976"]
[BlackElo "2596"]
[Result "0-1"]
[Round "02"]
[TimeControl "180+2"]
[Date "2023.05.16"]
[WhiteClock "0:00:00"]
[BlackClock "0:01:07"]

1. d4 d5 2. c4 e6 3. Nc3 Be7 4. cxd5 exd5 5. Bf4 c6 6. e3 Bf5 7. Bd3 Bxd3 8. Qxd3 Nf6 9. h3 O-O 10. Nf3 Nbd7 11. O-O Re8 12. Rfe1 Ne4 13. Nd2 Nd6 14. e4 dxe4 15. Ndxe4 Nxe4 16. Nxe4 Nb6 17. Qg3 Nd5 18. Bh6 Bf8 19. Bg5 Qb6 20. Nf6+ Nxf6 21. Bxf6 Qxb2 22. Rab1 Qxa2 23. Kh2 Re6 24. Be5 b6 25. Rbc1 Qd5 26. f4 f5 27. Rc2 Rd8 28. Rec1 Rd7 29. Qg5 Rf7 30. h4 Rg6 31. Qh5 Rg4 32. g3 g6 33. Qxg4 fxg4 34. Rxc6 a5 35. Rc8 a4 36. R1c7 a3 37. Rxf7 Kxf7 0-1


[Site "https://www.chess.com"]

[Event "Titled Tuesday Blitz May 16 Early 2023"]
[White "Avazkhonov, Alikhon"]
[Black "Quesada Perez, Yuniesky"]
[WhiteFideId "14208504"]
[BlackFideId "3504409"]
[WhiteElo "1739"]
[BlackElo "2585"]
[Result "0-1"]
[Round "02"]
[TimeControl "180+2"]
[Date "2023.05.16"]
[WhiteClock "0:00:04"]
[BlackClock "0:00:17"]

1. e4 d5 2. exd5 Qxd5 3. Nc3 Qa5 4. Bc4 Nf6 5. d3 Bg4 6. f3 Bd7 7. Bd2 Qb6 8. Nge2 e6 9. g4 Bc5 10. g5 Bf2+ 11. Kf1 Bh4 12. d4 Qc6 13. d5 Qxc4 14. gxf6 Bxf6 15. b3 Qh4 16. h3 Na6 17. Be1 Qh6 18. Rc1 O-O-O 19. Kg2 exd5 20. Nxd5 Be6 21. c4 Rhe8 22. Bg3 Bxd5 23. cxd5 Be5 24. f4 Bd6 25. Nd4 Qg6 26. Qg4+ Kb8 27. Qxg6 hxg6 28. Kf3 Nc5 29. Nb5 Ne4 30. Bh4 Be7 31. Kxe4 Bxh4+ 32. Kf3 Rd7 33. Rhd1 a6 34. Nc3 Rde7 35. Rd3 Bf6 36. d6 cxd6 37. Nd5 Rd7 38. Nb6 Rc7 39. Rcd1 Rh8 40. Rxd6 Rxh3+ 41. Kg2 Rh8 42. Nd7+ Ka7 43. Nxf6 gxf6 44. Rxf6 Re8 45. Rd2 Re3 46. Rf2 Rec3 47. f5 g5 48. Rh6 Rc2 49. Rh7 Rxf2+ 50. Kxf2 Kb6 51. Kg3 Kc6 52. Kg4 Kd6 53. f6 Ke6 54. Kxg5 Rc5+ 55. Kf4 Kxf6 56. Rh6+ Ke7 57. Rb6 Rb5 58. Rxb5 axb5 59. Ke5 f6+ 60. Kf5 b4 61. Kf4 Ke6 62. Ke4 f5+ 63. Kf4 Kf6 64. Kf3 Ke5 65. Ke3 f4+ 66. Kf3 Kf5 67. Kf2 Ke4 68. Ke2 Kd4 0-1


[Site "https://www.chess.com"]

[Event "Titled Tuesday Blitz May 16 Early 2023"]
[White "Fernandez Garcia, Gumersindo"]
[Black "Petrosyan, Manuel"]
[WhiteFideId "24516740"]
[BlackFideId "13300857"]
[WhiteElo "2093"]
[BlackElo "2576"]
[Result "0-1"]
[Round "02"]
[TimeControl "180+2"]
[Date "2023.05.16"]
[WhiteClock "0:00:12"]
[BlackClock "0:00:23"]

1. d4 Nf6 2. c4 e6 3. Nf3 d5 4. g3 dxc4 5. Bg2 c5 6. O-O Nc6 7. dxc5 Qxd1 8. Rxd1 Bxc5 9. Nbd2 c3 10. bxc3 O-O 11. Nb3 Be7 12. Nfd4 Nxd4 13. cxd4 Nd5 14. Bb2 Bd7 15. Rac1 Rac8 16. e4 Nb4 17. a3 Ba4 18. axb4 Bxb3 19. Rxc8 Rxc8 20. Ra1 Rc2 21. Ba3 a5 22. Bf1 axb4 23. Bc1 Rc8 24. Bd2 Bc2 25. Ra7 b3 26. Rxb7 Ba3 27. Bc4 Rxc4 28. Rb8+ Bf8 29. Bc1 Ra4 30. Bb2 f6 31. f4 Kf7 32. e5 0-1


[Site "https://www.chess.com"]

[Event "Titled Tuesday Blitz May 16 Early 2023"]
[White "Mikhailovsky, Vladimir"]
[Black "Panda Sambit"]
[WhiteFideId "34105414"]
[BlackFideId "25091794"]
[WhiteElo "2271"]
[BlackElo "2272"]
[Result "1-0"]
[Round "02"]
[TimeControl "180+2"]
[Date "2023.05.16"]
[WhiteClock "0:00:07"]
[BlackClock "0:00:03"]

1. e4 c6 2. d4 d5 3. e5 Bf5 4. c4 e6 5. Nc3 Ne7 6. h3 Nd7 7. Nf3 dxc4 8. Bxc4 Nb6 9. Bb3 Ned5 10. O-O Be7 11. Qe2 a5 12. a3 O-O 13. Rd1 Qd7 14. Ne4 a4 15. Bc2 Qc7 16. Bg5 Bxg5 17. Nfxg5 h6 18. Nf3 Rfd8 19. Nh2 Qe7 20. Ng4 Nf4 21. Qf3 Ng6 22. Ne3 Bxe4 23. Bxe4 Nh4 24. Qg3 Rd7 25. Ng4 Kf8 26. Nf6 gxf6 27. Qxh4 f5 28. Qxh6+ Ke8 29. Bf3 Rad8 30. Qh8+ Qf8 31. Qh4 Nc4 32. Rab1 Na5 33. Qf4 Nb3 34. d5 cxd5 35. Qxa4 Nc5 36. Qb5 Qe7 37. Rbc1 Rc8 38. b4 Kf8 39. Rxc5 Ra8 40. a4 Kg7 41. a5 Rc7 42. Rdc1 Rd7 43. Qd3 Kg6 44. Qd4 Ra6 45. Be2 Ra7 46. Bb5 Ra8 47. Bxd7 Qxd7 48. Rc7 Qb5 49. Qh4 1-0


[Site "https://www.chess.com"]

[Event "Titled Tuesday Blitz May 16 Early 2023"]
[White "Karthik, Advaith"]
[Black "Salinas Herrera, Pablo"]
[WhiteFideId "30946050"]
[BlackFideId "3407128"]
[WhiteElo "2004"]
[BlackElo "2546"]
[Result "0-1"]
[Round "02"]
[TimeControl "180+2"]
[Date "2023.05.16"]
[WhiteClock "0:01:55"]
[BlackClock "0:01:00"]

1. d4 d5 2. c4 e6 3. Nc3 Nf6 4. Bg5 c6 5. e3 Nbd7 6. Nf3 Qa5 7. Bxf6 Nxf6 8. Qc2 Be7 9. Bd3 O-O 10. O-O Qc7 11. e4 dxe4 12. Nxe4 Nxe4 13. Bxe4 g6 14. Rad1 Bf6 15. Rfe1 Rd8 16. g3 Bd7 17. Ne5 Be8 18. Bg2 Qb6 19. c5 Qc7 20. Nc4 Rxd4 21. Nd6 Rxd1 22. Rxd1 Rd8 23. h4 Be7 24. Qb3 Bxd6 25. cxd6 Rxd6 26. Rxd6 Qxd6 27. Qxb7 Qd7 28. Qa8 Kg7 29. Bf3 e5 30. Kg2 f5 31. h5 e4 32. Be2 gxh5 33. Qb8 Qe7 34. Bc4 Bg6 35. a4 e3 36. fxe3 Qe4+ 0-1


[Site "https://www.chess.com"]

[Event "Titled Tuesday Blitz May 16 Early 2023"]
[White "Mazurkiewicz, Michal"]
[Black "Bjerre, Jonas Buhl"]
[WhiteFideId "1124943"]
[BlackFideId "1444948"]
[WhiteElo "2054"]
[BlackElo "2525"]
[Result "0-1"]
[Round "02"]
[TimeControl "180+2"]
[Date "2023.05.16"]
[WhiteClock "0:00:00"]
[BlackClock "0:01:07"]

1. e4 c5 2. Nf3 d6 3. g3 Nf6 4. d3 g6 5. Bg2 Bg7 6. O-O O-O 7. Re1 Nc6 8. e5 dxe5 9. Nxe5 Nxe5 10. Rxe5 Ng4 11. Re1 Bd4 12. Re2 Qc7 13. c3 Bg7 14. h3 Nf6 15. Bf4 Qb6 16. Na3 Be6 17. Nc4 Qa6 18. Qb3 b5 19. Qa3 Qc8 20. Bxa8 Qxa8 21. Ne3 Bxh3 22. Kh2 Qf3 23. Rae1 Qh5 24. Kg1 e5 25. Qxc5 exf4 26. Qxh5 Nxh5 27. Nd5 fxg3 28. fxg3 Be6 29. Nc7 Nxg3 30. Rg2 Nf5 31. Nxe6 fxe6 32. Rxe6 Rd8 33. d4 b4 34. Rge2 bxc3 35. bxc3 Rd7 36. Ra6 Rc7 37. Ra3 Rxc3 38. Rxc3 Bxd4+ 39. Kg2 Bxc3 40. Re8+ Kf7 41. Ra8 Bd4 42. Kf3 Kf6 43. Ke4 h5 44. Rd8 h4 0-1


[Site "https://www.chess.com"]

[Event "Titled Tuesday Blitz May 16 Early 2023"]
[White "Sokolovsky, Yahli"]
[Black "merinasian"]
[WhiteFideId "2820242"]
[WhiteElo "2389"]
[BlackElo "2430"]
[Result "1-0"]
[Round "02"]
[TimeControl "180+2"]
[Date "2023.05.16"]
[WhiteClock "0:00:07"]
[BlackClock "0:00:30"]

1. b3 e5 2. Bb2 d6 3. e3 g6 4. d4 e4 5. d5 Nf6 6. Nc3 Bf5 7. Nge2 Bg7 8. Ng3 Bg4 9. Be2 Bxe2 10. Qxe2 O-O 11. O-O-O Qe7 12. Rd4 c5 13. Ra4 a6 14. Ngxe4 Nfd7 15. Nd2 Ne5 16. g4 Nbd7 17. f4 b5 18. Re4 f5 19. gxf5 gxf5 20. fxe5 fxe4 21. e6 Ne5 22. Ncxe4 Kh8 23. Qh5 Qe8 24. Qxe8 Raxe8 25. Nxd6 Rb8 26. Bxe5 Bxe5 27. Nf7+ Rxf7 28. exf7 Kg7 29. Rf1 Bxh2 30. Nf3 Bd6 31. Ng5 Bf8 32. Ne6+ Kg6 33. e4 h5 34. Kd2 h4 35. Ke3 h3 36. Kf3 h2 37. Kg2 Bd6 38. f8=Q Bxf8 39. Rxf8 Rxf8 40. Nxf8+ Kf6 41. Kxh2 Ke5 42. Kg2 c4 43. Kf2 cxb3 44. cxb3 Kxe4 45. d6 Kd5 46. d7 1-0


[Site "https://www.chess.com"]

[Event "Titled Tuesday Blitz May 16 Early 2023"]
[White "Shubenkova, Veronika"]
[Black "Pakleza, Zbigniew"]
[WhiteFideId "44124040"]
[BlackFideId "1119290"]
[WhiteElo "2060"]
[BlackElo "2410"]
[Result "0-1"]
[Round "02"]
[TimeControl "180+2"]
[Date "2023.05.16"]
[WhiteClock "0:00:04"]
[BlackClock "0:00:05"]

1. e4 d6 2. d4 Nf6 3. f3 Nbd7 4. c4 e5 5. d5 Be7 6. Nc3 Nh5 7. Be3 Bg5 8. Bf2 g6 9. Bd3 a5 10. Nge2 b6 11. b3 Nc5 12. Bc2 O-O 13. a3 f5 14. O-O fxe4 15. Nxe4 Nxe4 16. Bxe4 Nf6 17. Bc2 Bf5 18. Ng3 Bxc2 19. Qxc2 Bh4 20. Rae1 Bxg3 21. Bxg3 Nh5 22. Re4 Qd7 23. f4 Qf5 24. Qe2 Nf6 25. Re3 Ng4 26. Re4 Nf6 27. Re3 e4 28. h3 Rae8 29. Be1 Qd7 30. g4 h5 31. g5 Nh7 32. Rxe4 Rxe4 33. Qxe4 Qf5 34. Qg2 Re8 35. Bc3 Re3 36. Rf3 Qe4 37. Rxe3 Qxe3+ 38. Kh2 Qxc3 39. Qe4 Qg7 40. Qe6+ Qf7 41. Qe4 Nf8 42. Kg3 Nd7 43. Kf3 Nc5 44. Qe3 Kf8 45. Qc3 Qg7 46. Qe3 Qe7 47. Qd4 Qg7 48. Qe3 a4 49. b4 Nb3 50. Kg3 Qd4 51. Qe6 Qd3+ 52. Kh4 Qf5 53. Qe3 Na1 54. Qd4 Nc2 55. Qh8+ Ke7 56. Qg7+ Kd8 57. Qg8+ Kd7 58. c5 Qxf4# 0-1


[Site "https://www.chess.com"]